 Dungeon Sprint DCSS version 0.32-a0-683-ge26c5dbc97 (webtiles) character file.

Game seed: 1542884910861612100

7992 Revguard the Covert (level 11, -21/64 HPs)
             Began as a Vine Stalker Gladiator on Mar 12, 2024.
             Was the Champion of Wu Jian.
             Killed from afar by a red draconian (24 damage)
             ... with a searing blast
             ... in the Dungeon (Sprint V: "Ziggurat Sprint").
             The game lasted 00:09:44 (359 turns).

Revguard the Covert (Vine Stalker Gladiator)         Turns: 359, Time: 00:09:45

Health: -21/64     AC: 22    Str: 23    XL:     11   Next: 23%
Magic:  0/12       EV: 16    Int:  8    God:    Wu Jian [******]
Gold:   0          SH:  5    Dex: 26    Spells: 10/10 levels left

rFire   . . .        C - +5 quick blade (heavy)
rCold   . . .        (no shield)
rNeg    . . .        D - +5 shadow dragon scales
rPois   .            c - +0 helmet
rElec   .            (no cloak)
rCorr   .            (no gloves)
SInv    .            (no boots)
Will    +....        L - amulet of reflection
Stlth   +++++++      w - +6 ring of dexterity
HPRegen 1.10/turn    A - +6 ring of strength
MPRegen 0.13/turn

%: no teleportation, reflection, guardian spirit
@: invisible
A: fangs 3, regeneration 1, magic shield, antimagic bite, no potion heal 2
a: Renounce Religion, Wall Jump, Serpent's Lash, Heavenly Storm


You were in the Dungeon.
You worshipped Wu Jian.
Wu Jian was exalted by your worship.
You visited 1 branch

Inventory:

Hand Weapons
 C - a +5 heavy quick blade (weapon)
Missiles
 d - 3 throwing nets
 e - a javelin
Armour
 c - a +0 helmet (worn)
 D - +5 shadow dragon scales (worn)
 J - the +0 leather armour of Wrong Decisions {Regen+ Str+3 Dex+2 Slay+2}
   (You found it in the Dungeon)

   Str+3:     It affects your strength (+3).
   Dex+2:     It affects your dexterity (+2).
   Slay+2:    It affects your accuracy & damage with ranged weapons and melee
   (+2).
   Regen+:    It increases your rate of health regeneration.
Jewellery
 w - a +6 ring of dexterity (left hand)
 A - a +6 ring of strength (right hand)
 L - an amulet of reflection (around neck)
Wands
 n - a wand of charming (7)
 t - a wand of mindburst (3)
 u - a wand of light (2)
 G - a wand of flame (26) (quivered)
 H - a wand of warping (8)
 I - a wand of polymorph (3)
 O - a wand of digging (5)
Scrolls
 p - 4 scrolls of amnesia
 q - 7 scrolls of fog
 r - 5 scrolls of identify
 s - 2 scrolls of fear
Potions
 f - 10 potions of curing
 g - 6 potions of haste
 h - 7 potions of magic
 i - 3 potions of berserk rage
 k - 2 potions of brilliance
 l - a potion of invisibility
 m - 4 potions of resistance
 o - 6 potions of might


   Skills:
 + Level 10.6 Fighting
 + Level 10.8 Short Blades
 - Level 1.7 Throwing
 + Level 9.5 Armour
 + Level 10.0 Dodging
 + Level 14.0 Stealth
 + Level 10.1 Evocations


You had 10 spell levels left.
You didn't know any spells.
Your spell library contained the following spells:

 Spells                   Type           Power      Damage    Failure   Level
 Lesser Beckoning         Tloc           0%         N/A       98%         2
 Gell's Gravitas          Tloc           0%         N/A       100%        3
 Hailstorm                Conj/Ice       0%         3d5       100%        3
 Inner Flame              Hex/Fire       0%         N/A       100%        3
 Summon Ice Beast         Ice/Summ       0%         N/A       100%        3
 Teleport Other           Tloc           0%         N/A       100%        3
 Animate Armour           Summ/Erth      0%         N/A       100%        4
 Martyr's Knell           Necr/Summ      0%         N/A       100%        4
 Summon Lightning Spire   Summ/Air       0%         N/A       100%        4
 Lee's Rapid Deconstruct  Erth           0%         3d4*      100%        5
 Permafrost Eruption      Ice/Erth       0%         2x4d2     100%        6
 Malign Gateway           Summ/Tloc      0%         N/A       100%        7
 Spellforged Servitor     Conj/Summ      0%         N/A       100%        7
 Polar Vortex             Ice            0%         N/A       100%        9


Dungeon Overview and Level Annotations

Branches:
Dungeon (1/1)

Altars:
Ashenzari
Cheibriados
Dithmenos
Elyvilon
Fedhas
Gozag
Hepliaklqana
Kikubaaqudgha
Makhleb
Nemelex Xobeh
Okawaru
Qazlal
Ru
Sif Muna
Trog
Uskayaw
Vehumet
Wu Jian
Xom
Yredelemnul
Zin
The Shining One
Beogh
Jiyva
Lugonu

Annotations:
D 1 transporter


Innate Abilities, Weirdness & Mutations

You have razor-sharp teeth.
Your natural rate of healing is unusually fast.
When hurt, damage is shared between your health and your magic reserves.
Your bite disrupts and absorbs the magic of your enemies.
Potions cannot restore your health.


Message History

The searing blast hits you!
* * * LOW HITPOINT WARNING * * *
The yellow draconian roars!
Okay, then.
You fade into invisibility!
Aiming: Warp Space
Press: ? - help, Shift-Dir - straight line, f - purple draconian, p - red draconian
Aim: a purple draconian, wielding a +0 mace (heavily wounded, blind, unable to see you) Space twists violently!
The rupture engulfs the purple draconian!
The purple draconian blinks!
The purple draconian is heavily wounded.
The rupture engulfs the yellow draconian!
The yellow draconian blinks!
The yellow draconian is moderately wounded.
The rupture engulfs the yellow draconian!!
The yellow draconian blinks!
The yellow draconian is almost dead.
The rupture engulfs the black draconian!
The black draconian blinks!
The black draconian is lightly wounded.
The rupture engulfs the red draconian!!
The red draconian blinks!
The red draconian is moderately wounded.
The rupture engulfs the red draconian!!
The red draconian blinks!
The red draconian is moderately wounded.
The purple draconian barely misses you. The red draconian breathes fire at you.
The searing blast hits you!!
* * * LOW HITPOINT WARNING * * *
Blink to where?
Press: ? - help, Dir - move target, p - purple draconian
As you read the scroll of blinking, it crumbles to dust.
Aiming: Charm
Press: ? - help, Shift-Dir - straight line, f - black draconian
Aim: a black draconian, wielding a +0 dire flail (unable to see you, chance to affect: 54%)
The black draconian resists with significant effort.
The red draconian is no longer blind.
The red draconian breathes fire at you. The searing blast hits you!!
You die...

▓○.○○°○☼..▓..)))
▓°○....○..▓.....
▓..)†.....▓.....
▓..)†.....▓.....
▓...))....▓.....
▓....)....▓.....
▓....©....▓...©.
▓▓▓▓▓▓▓▓▓▓▓▓▓▓▓▓▓▓
▓@..ß©ß...▓..☼ß○ß○
▓..//:??..▓..☼○☼○○
▓..)/):|..▓..§☼○☼☼
▓.d..d....▓..☼○☼○☼
▓...d.....▓..☼§†○=
▓....d.d..▓...§☼§°
▓...d.d...▓....°☼§
▓...dd○.d ▓.▓.....
▓○.○○.▓ ▓....©..


You could see 2 draconians, 2 draconians, a green draconian (wandering, unable
to see you), a purple draconian (blind, unable to see you) and 4 draconians.

Vanquished Creatures
  A spriggan druid (D)
  2 harpies (shapeshifter) (D)
  2 ugly things (D)
  3 merfolk (D)
  5 wind drakes (D)
  2 hornets (D)
  Sigmund (D)
  6 spriggans (D)
  4 air elementals (D)
  2 hell hounds (D)
  2 water moccasins (D)
  3 orc warriors (D)
  A wolf (D)
  3 centaurs (D)
  2 centaurs (shapeshifter) (D)
  Blork the orc (D)
  Dowan (D)
  A crimson imp (D)
  2 quasits (D)
  Crazy Yiuf (D)
  An orc priest (D)
  Jessica (D)
  An orc wizard (D)
  An adder (D)
  A shadow imp (D)
  An orc (D)
  A ball python (D)
  2 ball python zombies (D)
  A quokka skeleton (D)
55 creatures vanquished.

Vanquished Creatures (others)
  A merfolk (D)
1 creature vanquished.

Grand Total: 56 creatures vanquished

Notes
Turn   | Place    | Note
-------+----------+-------------------------------------------
     0 | D        | Revguard the Vine Stalker Gladiator began the quest for the
                  | Orb.
     0 | D        | Reached XP level 1. HP: 11/11 MP: 2/2
     0 | D        | Found a shimmering blue altar of Sif Muna.
     0 | D        | Found a bloodstained altar of Trog.
     0 | D        | Found a sacrificial altar of Ru.
     0 | D        | Found a stormy altar of Qazlal.
     0 | D        | Found an iron altar of Okawaru.
     1 | D        | Found a sparkling altar of Nemelex Xobeh.
     1 | D        | Found a blossoming altar of Fedhas.
     1 | D        | Found the +6 Majin-Bo {spellvamp, MP+6 Int+6}
     1 | D        | Found the +27 heavy crossbow "Sniper" {heavy, Acc+∞ SInv}
     1 | D        | Found the +10 dark maul {heavy}
     1 | D        | Found the +15 Maxwell's patent armour {-Cast -Tele rElec
                  | Will+ rCorr}
     1 | D        | Found the +18 shield of the Gong {Loud rN+ Will+ rCorr
                  | EV-5}
     1 | D        | Found the +16 obsidian axe {drain, demonic, Mesm ^Drain Fly
                  | SInv}
     1 | D        | Found the +7 great mace "Firestarter" {flame, immolate,
                  | rFlCloud rF++}
     1 | D        | Found the +6 shillelagh "Devastator" {shatter}
     1 | D        | Found the +11 plutonium sword {^Contam Stlth-}
     1 | D        | Found the +8 lance "Wyrmbane" {slay drac, rPois rF+ rC+
                  | AC+3}
     1 | D        | Found the +9 sword of Zonguldrok {reap}
     1 | D        | Found the +13 scythe of Curses {drain, curses, ^Drain}
     1 | D        | Found the +9 sword of Power {lifebolt}
     1 | D        | Found the +7 mace of Variability {chaos, chaos arc}
     1 | D        | Found the +11 Singing Sword {sonic wave}
     1 | D        | Found the +8 storm bow {elec, penet}
     3 | D        | Found a transporter.
     3 | D        | Found an ancient bone altar of Kikubaaqudgha.
     3 | D        | Found a viscous altar of Jiyva.
     3 | D        | Found a corrupted altar of Lugonu.
     3 | D        | Found a hazy altar of Hepliaklqana.
     3 | D        | Found a burning altar of Makhleb.
     3 | D        | Found an opulent altar of Gozag.
    61 | D        | Became a worshipper of the Wu Jian Council
    66 | D        | Reached skill level 3 in Stealth
    66 | D        | Reached XP level 2. HP: 16/16 MP: 3/3
    77 | D        | Entered arena 2.
    77 | D        | Noticed a hell hound
    77 | D        | Found a transporter.
    79 | D        | Killed a hell hound
    80 | D        | Reached skill level 5 in Stealth
    80 | D        | Reached XP level 3. HP: 21/21 MP: 4/4
    80 | D        | Reached XP level 4. HP: 25/25 MP: 5/5
    83 | D        | Got the Volume of the Sun and Cryomancy
    89 | D        | Entered arena 3.
    89 | D        | Found a transporter.
    94 | D        | Reached * piety under Wu Jian
    95 | D        | Reached XP level 5. HP: 30/30 MP: 6/6
    99 | D        | Reached skill level 5 in Short Blades
   101 | D        | Reached ** piety under Wu Jian
   102 | D        | Reached skill level 6 in Stealth
   107 | D        | Entered arena 4.
   107 | D        | Noticed a water moccasin
   107 | D        | Noticed a water moccasin
   107 | D        | Found a transporter.
   115 | D        | Killed a water moccasin
   116 | D        | Reached skill level 5 in Fighting
   116 | D        | Reached skill level 5 in Dodging
   116 | D        | Reached XP level 6. HP: 35/35 MP: 7/7
   116 | D        | Killed a water moccasin
   117 | D        | Reached skill level 7 in Stealth
   117 | D        | Reached skill level 5 in Evocations
   132 | D        | Entered arena 5.
   132 | D        | Noticed a hell hound
   132 | D        | Found a transporter.
   135 | D        | Killed a hell hound
   135 | D        | Reached *** piety under Wu Jian
   136 | D        | Reached skill level 5 in Armour
   136 | D        | Reached XP level 7. HP: 40/40 MP: 8/8
   138 | D        | Reached **** piety under Wu Jian
   142 | D        | Got Feliy's Precepts of Rime and Abhorrent Rites
   146 | D        | Entered arena 6.
   146 | D        | Noticed Sigmund
   146 | D        | Noticed Jessica
   146 | D        | Noticed Blork the orc
   146 | D        | Noticed Crazy Yiuf
   146 | D        | Noticed Dowan
   146 | D        | Found a transporter.
   149 | D        | Killed Crazy Yiuf
   150 | D        | Reached skill level 8 in Stealth
   150 | D        | Killed Jessica
   150 | D        | Killed Blork the orc
   151 | D        | Killed Sigmund
   153 | D        | Killed Dowan
   154 | D        | Gained mutation: You have razor-sharp teeth. [Vine Stalker
                  | growth]
   154 | D        | Reached XP level 8. HP: 45/45 MP: 9/9
   162 | D        | Entered arena 7.
   162 | D        | Found the +8 Wrath of Trog {antimagic, *Rage Rampage}
   162 | D        | Noticed a brown ugly thing
   162 | D        | Noticed a black mamba
   162 | D        | Noticed an elephant
   162 | D        | Noticed an entropy weaver
   162 | D        | Noticed a cyan ugly thing
   162 | D        | Noticed a meliai
   163 | D        | a black mamba changed into a shapeshifter
   163 | D        | Noticed a shapeshifter (shapeshifter)
   163 | D        | a meliai changed into a centaur
   164 | D        | Found a transporter.
   164 | D        | a shapeshifter changed into a centaur
   164 | D        | an elephant changed into a harpy
   164 | D        | Noticed a harpy (shapeshifter)
   165 | D        | Reached skill level 9 in Stealth
   171 | D        | Killed a harpy
   171 | D        | Reached ***** piety under Wu Jian
   174 | D        | Reached skill level 10 in Stealth
   179 | D        | Killed a cyan ugly thing
   180 | D        | Reached XP level 9. HP: 18/51 MP: 7/10
   180 | D        | an entropy weaver changed into a hobgoblin
   184 | D        | Killed a brown ugly thing
   184 | D        | an ogre changed into a cane toad
   184 | D        | Noticed a cane toad (shapeshifter)
   185 | D        | Reached skill level 11 in Stealth
   194 | D        | a cane toad changed into a harpy
   194 | D        | Noticed a harpy (shapeshifter)
   198 | D        | Killed a harpy
   212 | D        | Got the +0 leather armour of Wrong Decisions {Regen+ Str+3
                  | Dex+2 Slay+2}
   234 | D        | Entered arena 8.
   235 | D        | Found a transporter.
   251 | D        | Entered arena 9.
   251 | D        | Noticed a wind drake
   251 | D        | Noticed a wind drake
   251 | D        | Noticed a wind drake
   251 | D        | Paralysed by an air elemental for 1 turns
   252 | D        | Found a transporter.
   255 | D        | Reached XP level 10. HP: 50/58 MP: 11/11
   256 | D        | Reached skill level 12 in Stealth
   258 | D        | Reached ****** piety under Wu Jian
   275 | D        | Entered arena 10.
   275 | D        | Noticed a spriggan rider
   275 | D        | Noticed a spriggan druid
   275 | D        | Noticed a spriggan rider
   276 | D        | Found a transporter.
   280 | D        | Killed a spriggan druid
   281 | D        | Reached skill level 10 in Short Blades
   281 | D        | Reached skill level 13 in Stealth
   283 | D        | Killed a spriggan rider
   284 | D        | Reached skill level 10 in Fighting
   286 | D        | Reached XP level 11. HP: 56/63 MP: 12/12
   292 | D        | Got the Grimoire of Formation
   303 | D        | Entered arena 11.
   304 | D        | Found a transporter.
   311 | D        | Reached skill level 10 in Evocations
   314 | D        | Reached skill level 14 in Stealth
   316 | D        | Reached skill level 10 in Dodging
   352 | D        | Entered arena 12.
   352 | D        | Noticed a green draconian
   352 | D        | Noticed a black draconian
   352 | D        | Noticed a yellow draconian
   352 | D        | Noticed a purple draconian
   352 | D        | Noticed a black draconian
   353 | D        | Noticed a red draconian
   353 | D        | Noticed a red draconian
   353 | D        | Noticed a red draconian
   353 | D        | Noticed a yellow draconian
   353 | D        | Noticed a red draconian
   354 | D        | Found a transporter.
   357 | D        | HP: 1/64 [red draconian/searing blast (18)]
   359 | D        | Killed from afar by a red draconian

Illustrated notes

Levels and vault maps discovered:
D:        sprint_v [room_start, room_1, room_2, room_3, room_4, room_5, room_6,
          room_7, room_8, room_9, room_10, room_11, room_12, room_13, room_14,
          room_15, room_16, room_17, room_18, room_19, room_20, room_21,
          room_22, room_23, room_24, room_25, room_26, room_27]

Skill      XL: |  1  2  3  4  5  6  7  8  9 10 11 |
---------------+----------------------------------+-----
Fighting       | 3 4 5 6 7 9 10 | 10.6
Short Blades   | 3 4 5 6 7 8 9 10 | 10.8
Armour         | 2 3 4 5 6 7 9 |  9.5
Dodging        | 3 4 5 6 7 8 9 10 | 10.0
Stealth        | 3 5 6 7 8 10 11 13 14 | 14.0
Evocations     | 2 3 4 5 6 7 8 9 10 | 10.1
Throwing       | |  1.7

Action                     |  1- 3 |  4- 6 |  7- 9 | 10-12 || total
---------------------------+-------+-------+-------+-------++-------
  Melee: Quick blade       |     2 |    49 |   111 |    99 ||   261
         Bite              |     1 |    11 |    27 |    32 ||    71
 Invoke: Serpent's Lash    |       |       |     4 |       ||     4
         Heavenly Storm    |       |       |     1 |       ||     1
Ability: Lunge             |     1 |     3 |     8 |     9 ||    21
         Whirlwind         |       |    20 |    28 |    30 ||    78
         Wall Jump         |       |       |     1 |       ||     1
  Evoke: Wand              |       |       |     8 |     3 ||    11
    Use: Potion            |     1 |       |       |     1 ||     2
         Scroll            |       |       |     3 |     2 ||     5
   Stab: Sleeping          |     1 |     2 |    10 |       ||    13
 Armour: Shadow dragon sca |       |    25 |    19 |    24 ||    68
  Dodge: Dodged            |       |    20 |    20 |    40 ||    80

Table legend: (Time is in decaauts)
 A = Elapsed time spent in this place.
 B = Non-inter-level travel time spent in this place.
 C = Inter-level travel time spent in this place.
 D = Time resting spent in this place.
 E = Time spent auto-exploring this place.
 F = Levels seen in this place.
 G = Mean time per level.
                   A        B        C        D        E       F      G
               +--------+--------+--------+--------+--------+-----+--------+
         Total |    356 |    356 |      0 |      0 |      0 |   1 |  356.0 |
       Dungeon |    356 |    356 |      0 |      0 |      0 |   1 |  356.0 |
               +--------+--------+--------+--------+--------+-----+--------+

Top non-repeatable levels by time:
       D: 356 daAuts
